 Dungeon Crawl Stone Soup version 0.22-a0-785-g6253c82ace (webtiles) character file.

25 Holzbalken the Gusty (level 2, -4/20 HPs)
             Began as a Draconian Air Elementalist on July 20, 2018.
             Slain by a kobold
             ... wielding a +0 short sword
              (5 damage)
             ... on level 1 of the Dungeon.
             The game lasted 00:03:07 (574 turns).

Holzbalken the Gusty (Draconian Air Elementalist)    Turns: 574, Time: 00:03:08

Health: -4/20      AC:  4    Str: 10    XL:     2   Next: 82%
Magic:  1/5        EV: 12    Int: 15    God:
Gold:   12         SH:  0    Dex: 11    Spells: 4/5 levels left

rFire    . . .     SeeInvis .   (no weapon)
rCold    . . .     Gourm    .   (no shield)
rNeg     . . .     Faith    .   (armour unavailable)
rPois    .         Spirit   .   (helmet restricted)
rElec    .         Reflect  .   (no cloak)
rCorr    .         Harm     .   (no gloves)
MR       .....                  (no boots)
Stlth    ++........             (no amulet)
HPRegen  0.06/turn              (no ring)
MPRegen  0.09/turn              (no ring)

@: no status effects
A: unfitting armour, cold-blooded, AC +4
a: no special abilities


You were on level 1 of the Dungeon.
You were not hungry.

You visited 1 branch of the dungeon, and saw 1 of its levels.

You collected 12 gold pieces.

Inventory:

Potions
 c - a potion of lignification {unknown}
Comestibles
 a - 2 chunks of flesh
 b - 2 rations


   Skills:
 - Level 1.7 Dodging
 - Level 1.7 Stealth
 + Level 2.3 Spellcasting
 + Level 1.5 Conjurations
 * Level 3.6 Air Magic


You had 4 spell levels left.
You knew the following spells:

 Your Spells              Type           Power        Failure   Level  Hunger
a - Shock                 Conj/Air       #...         8%          1    #......

Your spell library contained the following spells:

 Spells                   Type           Power        Failure   Level  Hunger
 Lightning Bolt           Conj/Air       #.........   90%         5    ######.
 Swiftness                Chrm/Air       #.......     16%         2    ###....
 Airstrike                Air            ##........   43%         4    #####..
 Static Discharge         Conj/Air       #.......     22%         3    ###....


Dungeon Overview and Level Annotations

Branches:
Dungeon (1/15)

Altars:


Innate Abilities, Weirdness & Mutations

Your plain brown scales are hard. (AC +4)
You cannot fit into any form of body armour.
You are cold-blooded and may be slowed by cold attacks.


Message History

The bat hits you but does no damage.
You hit the kobold but do no damage.
The kobold is heavily wounded.
The bat barely misses you. The kobold hits you but does no damage.
The bat hits you but does no damage.
You barely miss the kobold.
The kobold is heavily wounded.
The bat hits you but does no damage. The kobold hits you with a short sword.
The bat hits you but does no damage.
You closely miss the kobold.
The kobold is heavily wounded.
The bat closely misses you. The kobold hits you with a short sword.
* * * LOW HITPOINT WARNING * * *
You hit the kobold but do no damage.
Your tail-slap misses the kobold.
The kobold is heavily wounded.
The bat closely misses you. The kobold hits you with a short sword.
* * * LOW HITPOINT WARNING * * *
The bat closely misses you. The bat closely misses you.
The kobold hits you with a short sword.
You die...

......####.#.####....
.##................. .#
#).......# .#
#........# .#
#........# .#
#...(....# .##
#........# #
..######.....(..####..#
......##........@b....#
...##..........##K##..#
...#######.....#($)# #
...# ####..##)## ...#
#..#..) ...# #..####
#### #.. #..


You could see a bat and a kobold.

Vanquished Creatures
  A gnoll (D:1)
  A leopard gecko (D:1)
  5 goblins (D:1)
  3 kobolds (D:1)
  2 bats (D:1)
  A frilled lizard (D:1)
  2 rats (D:1)
15 creatures vanquished.

Notes
Turn   | Place    | Note
-------+----------+-------------------------------------------
     0 | D:1      | Holzbalken the Draconian Air Elementalist began the quest for the Orb.
     0 | D:1      | Reached XP level 1. HP: 14/14 MP: 3/3
    47 | D:1      | Reached XP level 2. HP: 6/20 MP: 0/5
   573 | D:1      | HP: 1/20 [kobold/short sword (1)]
   574 | D:1      | Slain by a kobold

Vault maps used:
D:1:      dpeg_arrival_boxes_within_box, st_stairs_13, minmay_split_cup_small

Action                   || total
-------------------------++-------
Melee: Unarmed           ||    16
 Cast: Shock             ||    24
Armor: Skin              ||    18
Dodge: Dodged            ||    30

Table legend:
 A = Spawn XP
 B = Non-spawn XP
 C = Spawn XP percentage of total XP
 D = Spawn monster count
 E = Non-spawn monster count
 F = Spawn count percentage of total count
 G = Total turns spent on level
                    A         B        C        D         E        F      G
               +---------+---------+-------+---------+---------+-------+---------
         Total |       0 |      36 |   0.0 |       0 |      15 |   0.0 |   574
               +---------+---------+-------+---------+---------+-------+---------
           D:1 |       0 |      36 |   0.0 |       0 |      15 |   0.0 |   574
               +---------+---------+-------+---------+---------+-------+---------
